 Dungeon Crawl Stone Soup version 0.29-a0-1023-g6ae1a4a2c7 (webtiles) character file.

Game seed: 16987476773283968945

73 Araneus the Cudgeller (level 4, 0/35 HPs)
             Began as a Demonspawn Fighter on Aug 11, 2022.
             Slain by a hobgoblin (4 damage)
             ... on level 2 of the Dungeon.
             The game lasted 00:02:12 (1877 turns).

Araneus the Cudgeller (Demonspawn Fighter)          Turns: 1877, Time: 00:02:12

Health: 0/35       AC: 11    Str: 19    XL:     4   Next: 8%
Magic:  4/4        EV:  5    Int:  9    God:
Gold:   86         SH:  4    Dex: 12    Spells: 3/3 levels left

rFire   . . .      SeeInvis +   a - +0 flail
rCold   . . .      Faith    .   c - +0 buckler
rNeg    . . .      Spirit   .   k - +0 plate armour
rPois   .          Reflect  .   (no helmet)
rElec   .          Harm     .   (no cloak)
rCorr   .          Rampage  .   (no gloves)
Will    .....                   (no boots)
Stlth   ..........              (no amulet)
HPRegen 0.11/turn               f - ring of see invisible
MPRegen 0.09/turn               (no ring)

@: invisible
A: demonic guardian 1, weakness stinger 1
a: no special abilities


You were on level 2 of the Dungeon.
You visited 1 branch of the dungeon, and saw 2 of its levels.

You collected 86 gold pieces.

Inventory:

Hand Weapons
 a - a +0 flail (weapon)
Armour
 c - a +0 buckler (worn)
 k - a +0 plate armour (worn)
Jewellery
 f - a ring of see invisible (left hand)
Scrolls
 e - 2 scrolls of teleportation {unknown}
 g - 2 scrolls of identify {unknown}
Potions
 d - a potion of might
 h - 2 potions of invisibility
 i - 2 potions of mutation {unknown}
 j - a potion of heal wounds {unknown}


   Skills:
 - Level 3.0 Fighting
 + Level 4.0 Maces & Flails
 - Level 2.6 Armour
 - Level 2.6 Shields


You had 3 spell levels left.
You didn't know any spells.
Your spell library contained the following spells:

 Spells                   Type           Power      Damage    Failure   Level
 Ignite Poison            Fire/Tmut/Pois 0%         N/A       100%        3
 Mephitic Cloud           Conj/Pois/Air  0%         N/A       100%        3
 Freezing Cloud           Conj/Ice/Air   0%         6-21      100%        5


Dungeon Overview and Level Annotations

Branches:
Dungeon (2/15)

Altars:

Shops:
D:2 :


Innate Abilities, Weirdness & Mutations

A weak demonic guardian rushes to your aid.
You have a small tail.


Message History

The adder attacks as you move away! The adder barely misses you.
The hobgoblin attacks as you move away! The hobgoblin hits you.
You feel sick. The hobgoblin attacks as you move away! The hobgoblin hits you.
* * * LOW HITPOINT WARNING * * *
You feel sick. The adder bites you.
* * * LOW HITPOINT WARNING * * *
You feel sick.
You feel sick.
You feel sick.
You are no longer poisoned.
The adder barely misses you. The adder attacks as you move away!
You block the adder's attack. The adder bites you.
* * * LOW HITPOINT WARNING * * *
A demonic guardian appears!
The adder attacks as you move away! The adder barely misses you.
The hobgoblin attacks as you move away!
The hobgoblin hits you but does no damage.
Your shadow imp hits the hobgoblin.
It was a potion of invisibility.
You fade into invisibility!
The adder bites you but does no damage.
Your shadow imp barely misses the hobgoblin.
The adder barely misses you.
You hit the adder.
The adder is almost dead.
The adder bites you but does no damage.
Your shadow imp closely misses the hobgoblin.
The adder bites you but does no damage.
You sock the adder!
You kill the adder!
The hobgoblin barely misses you.
Your Maces & Flails skill increases to level 4!
You have reached level 4!
You feel stronger.
Your demonic ancestry asserts itself...
You grow a small tail.
You closely miss the hobgoblin.
The hobgoblin is moderately wounded.
Your shadow imp hits the hobgoblin.
The hobgoblin hits you.
You die...

~#......#~≈ #...##P#.#P##.#
≈........~ #...##P#.#.##.#
#......# #..###.#.#P##.# ##....##
#..#####.####.# #......# #...#
#.# #.# ##......##
##..####.####.^ .........#####
#.#..##.##....
.............#######.#...÷.##(..#
.....###......5g@....>........#..
.....# ###########...#.##.###..##
$....# #.#######.###..#..##....
....## #####....#.# #..##.##.###
..... ...........# #..##.##.# #
..... ##.......## #........# #
..... ..###.......# #.###....# #
.....##......<...## #.###....##
#####......# ###.##..#...#


You could see a hobgoblin (unable to see you, ally target) and a friendly shadow
imp (summoned).

Vanquished Creatures
  A gnoll (D:1)
  2 adders (D:2)
  A dart slug (D:1)
  5 ball pythons (D:1)
  A bat (D:2)
  4 endoplasms
  A giant cockroach (D:2)
  3 hobgoblins (D:1)
  7 jackals
  3 quokkas
  A frilled lizard (D:2)
  A goblin (D:2)
  7 kobolds
  4 rats
41 creatures vanquished.

Vanquished Creatures (others)
  8 plants (D:2)
8 creatures vanquished.

Grand Total: 49 creatures vanquished

Notes
Turn   | Place    | Note
-------+----------+-------------------------------------------
     0 | D:1      | Araneus the Demonspawn Fighter began the quest for the Orb.
     0 | D:1      | Reached XP level 1. HP: 18/18 MP: 1/1
    29 | D:1      | Reached skill level 2 in Maces & Flails
    29 | D:1      | Gained mutation: A weak demonic guardian rushes to your
                  | aid. [demonic ancestry]
    29 | D:1      | Reached XP level 2. HP: 14/24 MP: 2/2
   420 | D:1      | Reached skill level 3 in Maces & Flails
   731 | D:1      | Reached XP level 3. HP: 29/29 MP: 3/3
  1592 | D:2      | Found Pih Asiv's Book Shoppe.
  1877 | D:2      | Reached skill level 4 in Maces & Flails
  1877 | D:2      | Gained mutation: You have a small tail. [demonic ancestry]
  1877 | D:2      | Reached XP level 4. HP: 4/35 MP: 4/4
  1877 | D:2      | Slain by a hobgoblin

Illustrated notes

Levels and vault maps discovered:
D:1:      kennysheep_arrival_forest, layout_basic
D:2:      wad_lake_hut, layout_rooms, serial_shops,
          nicolae_shop_competitors_out_of_business, serial_aquarium,
          aquarium_bridge_square [aquarium_subvault_bridge,
          aquarium_subvault_bridge, aquarium_subvault_bridge,
          aquarium_subvault_window], aquarium_window_corridor_3,
          aquarium_window_1, aquarium_window_fake, aquarium_view_2e,
          aquarium_view_2a, aquarium_pool_2, uniq_sigmund

Skill      XL: |  1  2  3 |
---------------+----------+-----
Maces & Flails | 2 3 4 |  4.0
Fighting       | |  3.0
Armour         | |  2.6
Shields        | |  2.6

Action                   |  1- 3 |  4- 6 || total
-------------------------+-------+-------++-------
Melee: Flail             |   116 |     1 ||   117
  Use: Potion            |     1 |       ||     1
Armor: Scale mail        |    44 |       ||    44
       Plate armour      |    26 |       ||    26
Dodge: Dodged            |    56 |       ||    56
Block: Buckler           |    30 |       ||    30

Table legend: (Time is in decaauts)
 A = Elapsed time spent in this place.
 B = Non-inter-level travel time spent in this place.
 C = Inter-level travel time spent in this place.
 D = Time resting spent in this place.
 E = Time spent auto-exploring this place.
 F = Levels seen in this place.
 G = Mean time per level.
                   A        B        C        D        E       F      G
               +--------+--------+--------+--------+--------+-----+--------+
         Total |   1909 |   1856 |     53 |      0 |   1553 |   2 |  954.5 |
       Dungeon |   1909 |   1856 |     53 |      0 |   1553 |   2 |  954.5 |
               +--------+--------+--------+--------+--------+-----+--------+

Top non-repeatable levels by time:
     D:1: 1317 daAuts
     D:2: 592 daAuts
